 BcadrenCrawl: Boulder Brew version 0.05.21-81-gd28e3044bd (webtiles) character file.

Game seed: 10930406536335493811, levelgen mode: deterministic

41 theanonym the Chopper (level 3, 0/28 HPs) Mummified Minotaur. Began on Sept 6, 2021. Slain by Natasha (3 damage) ... on level 1 of the Dungeon. The game lasted 00:01:36 (806 turns).

theanonym the Chopper (Minotaur Mummy)               Turns: 806, Time: 00:01:36

Health: 0/28       AC:  6    Str: 16    XL:     3 ^: 38
Magic:  4/4        EV: 10    Int: 16    God:
Gold:   40         SH:  0    Dex:  4    Spells: 5/6 levels left

rFire    x . .     Vision   .   a - +0 hatchet
rCold    + . .     Gourm    .   (no weapon)
rNeg     + + +     Faith    .   e - +0 scale mail
rCorr    . . .     Spirit   .   (helmet restricted)
rPois    ∞         Reflect  .   (no cloak)
rElec    .         Harm     .   c - +0 pair of clawed gauntlets
MR       .....                  (no boots)
Stlth    ..........             (no amulet)
HPRegen  0.19/turn              (no ring)
MPRegen  0.14/turn              (no ring)

@: no status effects
A: horns, retaliatory headbutt 2, cold resistance 1, negative energy resistance
3, torment resistance, unbreathing, heat vulnerability 1, in touch with death 1,
ancient wisdom
a: no special abilities


Innate Abilities, Weirdness & Mutations

You are immune to poison.
You reflexively attack those that strike you in melee with your horns.
You are cold resistant. (rC+)
You are immune to negative energy. (rN+++)
You are immune to unholy pain and torment.
You can survive without breathing.
You are vulnerable to heat. (rF-)
You are in touch with the powers of death.
You can memorise 50% more levels worth of spells.
You gain random stats at level up more slowly, but gain an extra +1 intelligence each time.


   Skills:
 + Level 1.3 Fighting
 * Level 3.3 Axes & Hammers
 + Level 1.2 Armour
 - Level 3.2 Dodging
 - Level 1.5 Stealth
 - Level 1.4 Spellcasting
 - Level 2.1 Necromancy


You had 5 spell levels left.
You knew the following spells:

 Your Spells              Type           Power        Failure   Level  Hunger
a - Pain                  Hex/Necr       6 (25)       26%         1    N/A

Your spell library contained the following spells:

 Spells                   Type           Power        Failure   Level  Hunger
 Vampiric Draining        Necr           12 (200)     45%         3    N/A
 Pryten's Skeletal Upris  Chrm/Necr      6 (200)      63%         3    N/A
 Animate Dead             Necr           N/A          86%         4    N/A
 Regeneration             Chrm/Necr      Unusable     N/A         3    N/A

Skill      XL: |  1  2 |
---------------+-------+-----
Fighting       | 1 |  1.3
Axes & Hammers | 3 |  3.3
Armour         | 1 |  1.2
Dodging        | |  3.2
Stealth        | |  1.5
Spellcasting   | |  1.4
Necromancy     | |  2.1

Action                   || total
-------------------------++-------
Melee: Hatchet           ||    77
       Unarmed           ||   132
       Headbutt          ||     1
Armor: Leather armour    ||    15
       Scale mail        ||    32
Dodge: Dodged            ||    57

Inventory:

Weapons
 a - a +0 hatchet (weapon)
Armour
 c - a +0 pair of clawed gauntlets (worn)
 e - a +0 scale mail (worn)
Scrolls
 d - a scroll of enchantment
 y - a scroll of magic mapping


You were on level 1 of the Dungeon.
You were not hungry.

You visited 1 branch of the dungeon, and saw 2 of its levels.

You collected 40 gold pieces.

Dungeon Overview and Level Annotations

Branches:
Dungeon (2/8)

Altars:

Annotations:
D:1 Natasha

# #........#.### ##.>.......
#######.....♣.....# ##......P.
....PP###.#PP♣♣♣..# ######..P
#..PP..##..P.P♣♣..## ####.♣♣
#.PP....##....P♣.♣.# #....♣♣
.....P...##...♣♣P..########..P.♣.
.P♣.♣...P.#.#.PP♣♣..##.......P♣.P
P♣♣♣♣♣♣♣.♣#.##..♣.♣..........P...
...P♣♣PP....####@hP.#[......PP.##
....♣♣P.......)≈#..P#.≈.≈...#####
...P♣.P.....###≈§≈####≈>....#....
##..PP..........§≈....≈≈≈........
.............P...P.###......#....
............P♣♣♣P..# #......#....
.#########..P♣♣P♣.P# #......#....
.# #.P♣♣♣♣..P# ########.... ##
#..♣♣♣♣P.## #....


You could see Natasha.

Notes
Turn   | Place    | Note
-------+----------+-------------------------------------------
     0 | D:1      | theanonym the Minotaur Mummy began the quest for the Orb.
     0 | D:1      | Reached XP level 1. HP: 14/14 MP: 1/1
    51 | D:1      | Reached XP level 2. HP: 22/22 MP: 3/3
   150 | D:1      | Reached skill level 1 in Fighting
   150 | D:1      | Reached skill level 3 in Axes & Hammers
   150 | D:1      | Reached skill level 1 in Armour
   266 | D:1      | HP: 11/23 [hobgoblin/+0 club (5)]
   268 | D:1      | Reached XP level 3. HP: 9/28 MP: 4/4
   763 | D:2      | Noticed Natasha
   798 | D:1      | HP: 10/28 [Natasha/puff of flame (6)]
   802 | D:1      | HP: 4/28 [Natasha/puff of flame (7)]
   806 | D:1      | Slain by Natasha

Vanquished Creatures
  2 cinder newts (D:1)
  3 goblins (D:1)
  4 hobgoblins (D:1)
  4 kobolds (D:1)
  2 bats (D:1)
  4 rats (D:1)
  2 bushes (D:1)
  2 plants (D:1)
23 creatures vanquished.

Vanquished Creatures (others)
  A giant cockroach (D:1)
  2 kobolds (D:2)
  6 withered plants (D:2)
9 creatures vanquished.

Grand Total: 32 creatures vanquished

Table legend:
 A = Turns spent in this place as a percentage of turns spent in the entire game.
 B = Non-inter-level travel turns spent in this place as a percentage of non-inter-level travel turns spent in the entire game.
 C = Inter-level travel turns spent in this place as a percentage of turns spent in this place.
 D = Turns resting spent in this place as a percentage of non-inter-level travel turns spent in this place.
 E = Turns spent auto-exploring this place as a percentage of non-inter-level travel turns spent in this place.
 F = Non-inter-level travel turns spent in this place divided by the number of levels of this place that you've seen.
                   A       B       C       D       E      F
               +-------+-------+-------+-------+-------+----------------------
         Total | 100.0 | 100.0 |   4.3 |  12.8 |  62.4 | 385.5
       Dungeon | 100.0 | 100.0 |   4.3 |  12.8 |  62.4 | 385.5
               +-------+-------+-------+-------+-------+----------------------
